 Seeded DCSS version 0.30-a0-347-gf58ed5266c (webtiles) character file.

Game seed: 20221031 (custom seed)

267 a11behringer the Chopper (level 6, -1/37 (51) HPs)
             Began as a Draconian Reaver on Oct 31, 2022.
             Slain by an adder (3 damage)
             ... on level 4 of the Dungeon on Nov 5, 2022.
             The game lasted 00:11:36 (2947 turns).

a11behringer the Chopper (Draconian Reaver)         Turns: 2947, Time: 00:11:37

HP:   -1/37 (51)    AC:  7    Str: 15    XL:     6   Next: 0%
MP:   10/10         EV: 12    Int: 15    God:
Gold: 128           SH:  0    Dex:  9    Spells: 10/11 levels left

rFire   . . .      SeeInvis .    a - +0 hand axe
rCold   . . .      Faith    .    (no shield)
rNeg    . . .      Spirit   .    (body armour unavailable)
rPois   .          Reflect  .    (helmet restricted)
rElec   .          Harm     .    o - +0 cloak
rCorr   .          Rampage  .    (no gloves)
Will    .....                    (no boots)
Stlth   +.........               (no amulet)
HPRegen 0.26/turn                i - ring of flight
MPRegen 0.12/turn                (no ring)

@: lethally poisoned (-1 -> -4), flying, very heavily drained
A: AC +6, unfitting armour, cold-blooded
a: no special abilities


You were on level 4 of the Dungeon.
You visited 1 branch of the dungeon, and saw 4 of its levels.

You collected 128 gold pieces.

Inventory:

Hand Weapons
 a - a +0 hand axe (weapon)
Missiles
 g - 9 poisoned darts
Armour
 o - a +0 cloak (worn)
Jewellery
 i - a ring of flight (left hand)
Scrolls
 c - a scroll of blinking {unknown}
 d - a scroll of poison {unknown}
 e - a scroll of enchant weapon {unknown}
 f - 3 scrolls of immolation {unknown}
 k - a scroll of teleportation {unknown}
 n - a scroll of acquirement {unknown}
 p - a scroll of identify {unknown}
 q - a scroll of magic mapping {unknown}
Potions
 b - a potion of cancellation {unknown}
 h - a potion of curing {unknown}
 j - a potion of flight {unknown}
 l - a potion of attraction {unknown}
 m - a potion of brilliance {unknown}


   Skills:
 + Level 3.4 Fighting
 * Level 4.1 Axes
 + Level 2.8 Dodging
 + Level 1.1 Stealth
 + Level 3.0 Spellcasting
 + Level 3.9 Conjurations


You had 10 spell levels left.
You knew the following spells:

 Your Spells              Type           Power      Damage    Failure   Level
a - Kiss of Death         Conj/Necr      32%        2d7       9%          1

Your spell library contained the following spells:

 Spells                   Type           Power      Damage    Failure   Level
 Momentum Strike          Conj/Tloc      16%        3d8       14%         2
 Freeze                   Ice            8%         1d3       21%         1
 Hailstorm                Conj/Ice       8%         3d4       26%         3
 Cigotuvi's Dreadful Rot  Necr/Pois/Air  4%         N/A       30%         2
 Frozen Ramparts          Ice            4%         1d1       52%         3
 Dispel Undead            Necr           2%         3d7       89%         4
 Death Channel            Necr           1%         N/A       100%        6


Dungeon Overview and Level Annotations

Branches:
Dungeon (4/15)
 Temple: D:4-7

Altars:
Elyvilon
Gozag
Hepliaklqana
Makhleb
Okawaru
Wu Jian


Innate Abilities, Weirdness & Mutations

Your plain brown scales are hard. (AC +6)
You cannot fit into any form of body armour.
You are cold-blooded and may be slowed by cold attacks.


Message History

The black bear is moderately wounded.
You barely miss the adder. You closely miss the iguana. The iguana misses you.
The black bear bites you but does no damage.
The black bear claws you but does no damage.
The black bear closely misses you. The adder bites you but does no damage.
You barely miss the black bear. You tail-slap the black bear.
The black bear is heavily wounded.
You hit the adder. You hit the iguana. The iguana bites you.
The black bear bites you.
The black bear claws you but does no damage. x2
The adder bites you but does no damage. The black bear bites you.
The black bear claws you but does no damage.
The black bear claws you. The iguana bites you!
* * * LOW HITPOINT WARNING * * *
You slash the black bear!
You tail-slap the black bear, but do no damage.
The black bear is severely wounded.
You hit the adder. You barely miss the iguana. The adder barely misses you.
The adder bites you.
* * * LOW HITPOINT WARNING * * *
You are lethally poisoned!
The adder poisons you!
The black bear bites you but does no damage.
The black bear claws you but does no damage. x2
The iguana closely misses you.
You hit the black bear. You tail-slap the black bear.
The black bear is almost dead.
You miss the adder. You closely miss the iguana.
* * * LOW HITPOINT WARNING * * *
You feel sick. The adder bites you but does no damage.
The black bear closely misses you. x2
The black bear claws you but does no damage.
The iguana closely misses you.
You hit the black bear.
The black bear is almost dead.
You closely miss the adder. You hit the iguana but do no damage.
* * * LOW HITPOINT WARNING * * *
You feel sick. The adder barely misses you.
The black bear goes berserk!
The iguana barely misses you. The adder bites you.
You die...

###### #...)# #....# ##
#....# .# ##....# ##.#
#.....#########
#..###..............
#.##....###.@l...... #
#.#..##.# #.Sh......
#####.#.###.# #.........
.....<..# ..# #..÷......
...#..>.#.### #.........
####......# #......... #
#.....## ###<........
.........# #...÷.......
###.......(##.hl........


You could see a black bear (berserk), an iguana and an adder.

Vanquished Creatures
  A black bear (D:3)
  A hound (D:3)
  A gnoll (D:3)
  5 adders
  An ufetubus (D:2)
  2 worms
  2 orcs (D:3)
  9 endoplasms
  4 giant cockroaches
  5 goblins
  8 hobgoblins
  7 jackals
  12 kobolds
  4 quokkas
  3 ball pythons (D:1)
  3 bats
  5 frilled lizards
  4 rats
77 creatures vanquished.

Notes
Turn   | Place    | Note
-------+----------+-------------------------------------------
     0 | D:1      | a11behringer the Draconian Reaver began the quest for the
                  | Orb.
     0 | D:1      | Reached XP level 1. HP: 17/17 MP: 3/3
   106 | D:1      | Reached XP level 2. HP: 23/25 MP: 5/5
   792 | D:1      | Reached XP level 3. HP: 17/28 MP: 6/6
  1286 | D:2      | Reached XP level 4. HP: 29/37 MP: 7/7
  1927 | D:3      | Found a hazy altar of Hepliaklqana.
  2048 | D:3      | Found a burning altar of Makhleb.
  2048 | D:3      | Found an ornate altar of the Wu Jian Council.
  2113 | D:3      | Found an opulent altar of Gozag.
  2153 | D:3      | Found a white marble altar of Elyvilon.
  2193 | D:3      | Found an iron altar of Okawaru.
  2211 | D:3      | Upgraded the game from 0.30-a0-339-g89bb51ec76 to
                  | 0.30-a0-347-gf58ed5266c
  2337 | D:3      | Found Kyotut's Distillery.
  2433 | D:3      | Reached XP level 5. HP: 29/45 MP: 9/9
  2649 | D:4      | Noticed a black bear
  2654 | D:4      | Noticed a black bear
  2661 | D:4      | Noticed an ogre
  2663 | D:3      | Killed a black bear
  2664 | D:3      | Reached skill level 4 in Axes
  2664 | D:3      | Reached skill level 1 in Stealth
  2668 | D:3      | HP: 1/35 [hound (5)]
  2672 | D:3      | Reached XP level 6. HP: 2/37 MP: 7/10
  2947 | D:4      | Slain by an adder

Illustrated notes

Levels and vault maps discovered:
D:1:      scummos_arrival_simple_fountains, layout_basic
D:2:      layout_loops_ring
D:3:      layout_rooms, nicolae_gozag_cash_rules_everything_around_me,
          amethyst_overflow_temple_binary, okawaru_altar_gauntlet_db,
          mainiacjoe_overflow_small_starburst,
          mainiacjoe_overflow_cross_hatched, serial_shops, shop,
          hangedman_decor_peaks_small, nicolae_titane
D:4:      layout_rooms, enter_ossuary_3

Skill      XL: |  1  2  3  4  5 |
---------------+----------------+-----
Dodging        | 2 |  2.8
Fighting       | 3 |  3.4
Axes           | 4 |  4.1
Stealth        | 1 |  1.1
Spellcasting   | 3 |  3.0
Conjurations   | |  3.9

Action                   |  1- 3 |  4- 6 || total
-------------------------+-------+-------++-------
Melee: Hand axe          |   139 |   133 ||   272
       Tailslap          |    14 |    17 ||    31
       Punch             |       |     1 ||     1
 Cast: Kiss of Death     |     1 |     4 ||     5
 Stab: Sleeping          |       |     2 ||     2
Armor: Skin              |    52 |    76 ||   128
Dodge: Dodged            |   107 |   116 ||   223

Table legend: (Time is in decaauts)
 A = Elapsed time spent in this place.
 B = Non-inter-level travel time spent in this place.
 C = Inter-level travel time spent in this place.
 D = Time resting spent in this place.
 E = Time spent auto-exploring this place.
 F = Levels seen in this place.
 G = Mean time per level.
                   A        B        C        D        E       F      G
               +--------+--------+--------+--------+--------+-----+--------+
         Total |   2988 |   2724 |    264 |      0 |   2180 |   4 |  747.0 |
       Dungeon |   2988 |   2724 |    264 |      0 |   2180 |   4 |  747.0 |
               +--------+--------+--------+--------+--------+-----+--------+

Top non-repeatable levels by time:
     D:1: 1111 daAuts
     D:3: 949 daAuts
     D:2: 845 daAuts
     D:4: 81 daAuts
